 Dungeon Crawl Stone Soup version 0.28.0-47-ge53b351184 (webtiles) character file.

Game seed: 1428572136631934421

26 bobregger the Skirmisher (level 3, 0/58 HPs)
             Began as an Ogre Berserker on May 5, 2022.
             Was a Follower of Trog.
             Slain by an iguana (4 damage)
             ... on level 2 of the Dungeon.
             The game lasted 00:01:17 (1316 turns).

bobregger the Skirmisher (Ogre Berserker)           Turns: 1316, Time: 00:01:17

Health: 0/58       AC:  5    Str: 21    XL:     3   Next: 8%
Magic:  3/3        EV: 10    Int:  8    God:    Trog [*.....]
Gold:   64         SH:  0    Dex: 10    Spells: 2/2 levels left

rFire   . . .      SeeInvis .   a - +0 mace
rCold   . . .      Faith    .   (no shield)
rNeg    . . .      Spirit   .   b - +0 animal skin
rPois   .          Reflect  .   (helmet restricted)
rElec   .          Harm     .   f - +1 cloak
rCorr   .          Rampage  .   (gloves unavailable)
Will    .....                   (boots unavailable)
Stlth   ..........              (no amulet)
HPRegen 0.19/turn               (no ring)
MPRegen 0.08/turn               (no ring)

@: berserking, very quick
A: large, unfitting armour, tough skin 1
a: Renounce Religion, Berserk


You were on level 2 of the Dungeon.
You worshipped Trog.
Trog was aware of your devotion.
You visited 1 branch of the dungeon, and saw 2 of its levels.

You collected 64 gold pieces.

Inventory:

Hand Weapons
 a - a +0 mace (weapon)
Armour
 b - a +0 animal skin (worn)
 f - a +1 cloak (worn)
Scrolls
 c - 2 scrolls of identify {unknown}
 e - a scroll of fear {unknown}
Potions
 d - a potion of curing {unknown}
 g - a potion of brilliance {unknown}


   Skills:
 - Level 4.0 Fighting
 + Level 3.8 Maces & Flails
 - Level 2.6 Dodging


You had 2 spell levels left.
You didn't know any spells.
Your spell library was empty.

Dungeon Overview and Level Annotations

Branches:
Dungeon (2/15)

Altars:


Innate Abilities, Weirdness & Mutations

You are too large for most types of armour.
You have tough skin. (AC +1)


Message History

A goblin is nearby!
A goblin is nearby!
Found 13 gold pieces.
The goblin hits you with a +0 club.
You thump the goblin!
You kill the goblin!
Trog accepts your kill.
Things that are here:
a +0 club; a goblin corpse You now have 64 gold pieces (gained 13).
Found a dagger.
An iguana comes into view.
An iguana is nearby!
An iguana is nearby!
The iguana hisses angrily.
The iguana bites you! The iguana bites you! The iguana bites you!
* * * LOW HITPOINT WARNING * * *
A red film seems to cover your vision as you go berserk!
You feel yourself moving faster!
You feel mighty! The iguana barely misses you.
You hit the iguana.
The iguana is moderately wounded.
The iguana barely misses you.
You barely miss the iguana.
The iguana is moderately wounded.
The iguana bites you.
* * * LOW HITPOINT WARNING * * *
You barely miss the iguana.
The iguana is moderately wounded.
The iguana barely misses you.
You hit the iguana.
The iguana is severely wounded.
You barely miss the iguana.
The iguana is severely wounded.
The iguana bites you.
* * * LOW HITPOINT WARNING * * *
You barely miss the iguana.
The iguana is severely wounded.
The iguana bites you.
You die...

#..##.##.## #.# #..#.#.#
#.....##.####.####..#.#.#
#.................<...#.#
#..#####.#............#.# #..#
#.................
.#####..#####.................
..............................
.#####..#####..##..##.#.#.##.#
............l@............##.#
.#####..####...##..##<#.#.##.#
...............##............#
..###...####...##..##........#
#...# #...##..##.#.####.# .
#...# #...##..##.........
...##...# #...##.............
........####...##..##.#######.
..)................)..# #.


You could see an iguana.

Vanquished Creatures
  An adder (D:2)
  2 bats (D:1)
  2 endoplasms
  A giant cockroach (D:1)
  2 goblins
  2 hobgoblins
  A quokka (D:1)
  A ball python (D:1)
  A frilled lizard (D:1)
  2 kobolds (D:1)
  2 rats
17 creatures vanquished.

Notes
Turn   | Place    | Note
-------+----------+-------------------------------------------
     0 | D:1      | bobregger the Ogre Berserker began the quest for the Orb.
     0 | D:1      | Reached XP level 1. HP: 24/24 MP: 1/1
   478 | D:1      | Reached XP level 2. HP: 30/32 MP: 2/2
  1114 | D:2      | Reached XP level 3. HP: 39/39 MP: 3/3
  1316 | D:2      | Slain by an iguana

Illustrated notes

Levels and vault maps discovered:
D:1:      ncdulo_watergridlock, layout_basic, minmay_pentomino_w2
D:2:      layout_basic, serial_corexii_hall, corexii_hall_statues_s,
          corexii_hall_statues_deadend, uniq_terence, uniq_sigmund

Skill      XL: |  1 |
---------------+----+-----
Maces & Flails | 3 |  3.8
Fighting       | |  4.0
Dodging        | |  2.6

Action                   || total
-------------------------++-------
Melee: Mace              ||    49
Invok: Berserk           ||     2
Armor: Animal skin       ||    17
Dodge: Dodged            ||    22
